 Dungeon Crawl Stone Soup version 0.31-a0-640-g39d97e502b (webtiles) character file.

Game seed: 9848152639682219920

646 rvierbuc the Conjurer (level 7, -3/50 HPs)
             Began as a Demonspawn Conjurer on Aug 28, 2023.
             Slain by Prince Ribbit (7 damage)
             ... on level 5 of the Dungeon.
             The game lasted 00:13:06 (4283 turns).

rvierbuc the Conjurer (Demonspawn Conjurer)         Turns: 4283, Time: 00:13:12

Health: -3/50      AC:  5    Str:  7    XL:     7   Next: 27%
Magic:  0/12       EV: 12    Int: 22    God:
Gold:   215        SH:  0    Dex: 11    Spells: 6/13 levels left

rFire   . . .        j - +0 rapier
rCold   . . .        (no shield)
rNeg    . . .        a - +0 robe
rPois   .            (no helmet)
rElec   .            (no cloak)
rCorr   .            (no gloves)
SInv    .            (no boots)
Will    .....        (no amulet)
Stlth   +            (no ring)
HPRegen 0.28/turn    (no ring)
MPRegen 0.26/turn

%: guardian spirit
@: silenced
A: slimy green scales 2, magic shield, magic regeneration
a: no special abilities


You were on level 5 of the Dungeon.
You visited 1 branch of the dungeon, and saw 5 of its levels.

You collected 215 gold pieces.

Inventory:

Hand Weapons
 j - a +0 rapier (weapon)
Missiles
 k - 2 poisoned darts
 u - 3 throwing nets
 w - 6 atropa-tipped darts
Armour
 a - a +0 robe (worn)
 p - an orb of wrath
 t - a +0 kite shield
Jewellery
 e - a ring of flight
 o - an amulet of guardian spirit
Scrolls
 d - a scroll of amnesia {unknown}
 g - a scroll of teleportation {unknown}
 h - a scroll of noise {unknown}
 l - a scroll of enchant armour {unknown}
 n - a scroll of vulnerability
 r - a scroll of identify
Potions
 b - 2 potions of magic
 c - 2 potions of mutation {unknown}
 f - 4 potions of curing {unknown}
 i - a potion of berserk rage {unknown}
 m - a potion of heal wounds {unknown}
 v - 2 potions of cancellation {unknown}


   Skills:
 + Level 2.3 Fighting
 + Level 2.1 Short Blades
 + Level 3.5 Dodging
 + Level 3.8 Stealth
 + Level 0.7 Shields
 + Level 3.6 Spellcasting
 + Level 5.2 Conjurations


You had 6 spell levels left.
You knew the following spells:

 Your Spells              Type           Power      Damage    Failure   Level
a - Magic Dart            Conj           100%       1d8       1%          1
b - Searing Ray           Conj           54%        2d6       1%          2
c - Fulminant Prism       Conj/Hex       7%         3d6       36%         4

Your spell library contained the following spells:

 Spells                   Type           Power      Damage    Failure   Level
 Dazzling Flash           Conj/Hex       30%        N/A       12%         3
 Mephitic Cloud           Conj/Pois/Air  11%        N/A       17%         3
 Call Imp                 Summ           6%         N/A       19%         2
 Iskenderun's Mystic Bla  Conj/Tloc      15%        2d5       36%         4


Dungeon Overview and Level Annotations

Branches:
Dungeon (5/15)             Temple (0/1) D:5

Altars:
Ashenzari

Annotations:
D:5 Eustachio, Prince Ribbit


Innate Abilities, Weirdness & Mutations

You are mostly covered in slimy green scales. (AC +3)
When hurt, damage is shared between your health and your magic reserves.
You regenerate magic rapidly.


Message History

The steam dragon is severely wounded.
You finish channelling your searing ray.
The crimson imp hits you but does no damage.
The steam dragon bites you but does no damage.
The steam dragon claws you but does no damage.
Casting: Searing Ray (safe; 1% risk of failure)
Confirm with . or Enter, or press ? or * to list all spells.
Aiming: Searing Ray (safe; 1% risk of failure)
Press: ? - help, Shift-Dir - straight line, f/p - steam dragon
Aim: a steam dragon (severely wounded, 79% to hit)
The searing ray hits the steam dragon.
The steam dragon is severely wounded. (Press . to maintain the ray.)
The steam dragon bites you!
The steam dragon claws you but does no damage.
Without enough magic to sustain it, your searing ray dissipates.
Prince Ribbit barely misses you. The steam dragon bites you!
* * * LOW HITPOINT WARNING * * *
The steam dragon closely misses you.
Prince Ribbit blinks!
As you read the scroll labelled XILURGH ELLARY, it crumbles to dust.
It is a scroll of identify.
n - a scroll of vulnerability Prince Ribbit hits you but does no damage.
The steam dragon closely misses you.
The steam dragon claws you but does no damage.
As you read the scroll labelled IRUIKASTRIMIB, it crumbles to dust.
Your body is wracked with pain!
* * * LOW HITPOINT WARNING * * *
The steam dragon convulses!
Prince Ribbit convulses!
The river rat convulses! x2
It was a scroll of torment.
Prince Ribbit closely misses you. The steam dragon barely misses you.
The steam dragon claws you but does no damage.
As you read the scroll labelled GIURUD PICOME, it crumbles to dust.
A profound silence engulfs you.
It was a scroll of silence.
Prince Ribbit hits you.
* * * LOW HITPOINT WARNING * * *
The steam dragon closely misses you.
The steam dragon claws you but does no damage.
Prince Ribbit hits you!
You die...

#........##.# ..#
####......†.##.# ..#
............##.##..#
....#.........§.(..#
....#........#.....#
....###+####.###.#.###..
....+ ......r5r......
....# ###...#F#.###..
....# ###.#@#.# .####
#.#D# # ## .#.# # ..# #
#.# #.. #.. ..$


You could see Prince Ribbit (unsilenced), a steam dragon (unsilenced), a quasit
(summoned), a river rat (summoned) and a rat (summoned).

Vanquished Creatures
  A black bear (D:4)
  An ogre (D:4)
  A scorpion (D:4)
  The ghost of Lemondrips the Ruffian, a weakling MiSh (D:3)
  A gnoll bouda (D:5)
  A hound (D:5)
  A sleepcap (D:5)
  2 orc wizards (D:4)
  10 gnolls
  8 adders
  A worm (D:3)
  2 dart slugs
  10 orcs
  6 endoplasms
  5 goblins
  4 hobgoblins
  3 quokkas
  9 ball pythons
  A bat (D:1)
  A frilled lizard (D:2)
  2 kobolds (D:3)
  7 rats
78 creatures vanquished.

Notes
Turn   | Place    | Note
-------+----------+-------------------------------------------
     0 | D:1      | rvierbuc the Demonspawn Conjurer began the quest for the
                  | Orb.
     0 | D:1      | Reached XP level 1. HP: 13/13 MP: 3/3
   464 | D:1      | Gained mutation: You regenerate magic rapidly. [demonic
                  | ancestry]
   464 | D:1      | Reached XP level 2. HP: 19/19 MP: 0/5
   751 | D:1      | Learned a level 2 spell: Searing Ray
   852 | D:2      | Gained mutation: You are partially covered in slimy green
                  | scales. (AC +2) [demonic ancestry]
   852 | D:2      | Reached XP level 3. HP: 24/24 MP: 1/6
  1100 | D:2      | Found a broken altar of Ashenzari.
  1469 | D:2      | Found a faded altar of an unknown god.
  1748 | D:3      | Found a runed translucent gate.
  1748 | D:3      | Noticed Lemondrips's ghost (weakling MiSh)
  1749 | D:3      | Found a runed translucent gate.
  1750 | D:3      | Found a runed translucent gate.
  1938 | D:3      | Reached XP level 4. HP: 29/30 MP: 1/7
  2506 | D:3      | Learned a level 4 spell: Fulminant Prism
  2643 | D:3      | Gained mutation: You are mostly covered in slimy green
                  | scales. (AC +3) [demonic ancestry]
  2643 | D:3      | Reached XP level 5. HP: 26/35 MP: 1/9
  2966 | D:3      | Killed Lemondrips's ghost
  3163 | D:4      | Noticed a black bear
  3170 | D:4      | Killed a black bear
  3171 | D:4      | Reached skill level 1 in Fighting
  3171 | D:4      | Reached skill level 1 in Short Blades
  3171 | D:4      | Reached XP level 6. HP: 43/43 MP: 2/10
  3200 | D:4      | Reached skill level 5 in Conjurations
  3904 | D:5      | Entered Level 5 of the Dungeon
  3904 | D:5      | Found a staircase to the Ecumenical Temple.
  3916 | D:4      | Gained mutation: When hurt, damage is shared between your
                  | health and your magic reserves. [demonic ancestry]
  3916 | D:4      | Reached XP level 7. HP: 26/50 MP: 6/12
  4262 | D:5      | Noticed Eustachio
  4267 | D:5      | Noticed Prince Ribbit
  4269 | D:5      | Noticed a steam dragon
  4283 | D:5      | Slain by Prince Ribbit

Illustrated notes

Levels and vault maps discovered:
D:1:      roderic_crop_circles_arrival_small, layout_basic
D:2:      layout_basic, dilly_ecumenical_altar_fadedgnrine, basic_altar,
          minmay_misc_feat_chi, minmay_pentomino_t4
D:3:      layout_loops_corners, ebering_ghost_rock_garden
D:4:      layout_loops_ring
D:5:      layout_basic, minmay_temple_entry_overgrown, grunt_ministairs_11,
          guppyfry_early_lair_pool, uniq_prince_ribbit1, uniq_eustachio

Skill      XL: |  1  2  3  4  5  6  7 |
---------------+----------------------+-----
Stealth        | 2 3 |  3.8
Dodging        | 2 3 |  3.5
Spellcasting   | 3 |  3.6
Fighting       | 1 2 |  2.3
Short Blades   | 1 2 |  2.1
Conjurations   | 5 |  5.2
Shields        | |  0.7

Action                     |  1- 3 |  4- 6 |  7- 9 || total
---------------------------+-------+-------+-------++-------
  Melee: Unarmed           |     1 |       |       ||     1
         Rapier            |       |    16 |     8 ||    24
   Cast: Magic Dart        |    71 |    96 |    23 ||   190
         Searing Ray       |       |    11 |     9 ||    20
    Use: Scroll            |       |       |     3 ||     3
 Armour: Robe              |     1 |    10 |    16 ||    27
  Dodge: Dodged            |     9 |    30 |    32 ||    71
  Block: Kite shield       |       |     1 |     9 ||    10

Table legend: (Time is in decaauts)
 A = Elapsed time spent in this place.
 B = Non-inter-level travel time spent in this place.
 C = Inter-level travel time spent in this place.
 D = Time resting spent in this place.
 E = Time spent auto-exploring this place.
 F = Levels seen in this place.
 G = Mean time per level.
                   A        B        C        D        E       F      G
               +--------+--------+--------+--------+--------+-----+--------+
         Total |   4288 |   4145 |    143 |    227 |   3312 |   5 |  857.6 |
       Dungeon |   4288 |   4145 |    143 |    227 |   3312 |   5 |  857.6 |
               +--------+--------+--------+--------+--------+-----+--------+

Top non-repeatable levels by time:
     D:3: 1264 daAuts
     D:4: 988 daAuts
     D:2: 974 daAuts
     D:1: 772 daAuts
     D:5: 288 daAuts
